 Dungeon Crawl Stone Soup version 0.25.0-46-gbd7b0854d2 (webtiles) character file.

Game seed: 14897924175265636825

46 Curus the Chopper (level 3, -1/31 HPs)
             Began as a Minotaur Monk on July 16, 2020.
             Slain by a shadow imp (3 damage)
             ... summoned by Natasha
             ... on level 3 of the Dungeon.
             The game lasted 00:07:03 (1043 turns).

Curus the Chopper (Minotaur Monk)                   Turns: 1043, Time: 00:07:04

Health: -1/31      AC:  8    Str: 15    XL:     3   Next: 46%
Magic:  0/2        EV:  7    Int:  7    God:
Gold:   70         SH:  0    Dex: 13    Spells: 2/2 levels left

rFire    . . .     SeeInvis .   a - +0 hand axe
rCold    . . .     Gourm    .   (no shield)
rNeg     . . .     Faith    .   e - +0 chain mail
rPois    .         Spirit   +   (helmet restricted)
rElec    .         Reflect  .   (no cloak)
rCorr    .         Harm     .   (no gloves)
MR       .....                  (no boots)
Stlth    ..........             h - amulet of guardian spirit
HPRegen  0.10/turn              (no ring)
MPRegen  0.08/turn              (no ring)

@: no status effects
A: retaliatory headbutt, horns 2
a: no special abilities


You were on level 3 of the Dungeon.
You were not hungry.

You visited 1 branch of the dungeon, and saw 3 of its levels.

You collected 70 gold pieces.

Inventory:

Hand Weapons
 a - a +0 hand axe (weapon)
Armour
 b - a +0 robe
 e - a +0 chain mail (worn)
Jewellery
 h - an amulet of guardian spirit (around neck)
Scrolls
 d - a scroll of magic mapping
 g - a scroll of identify
Comestibles
 c - a ration


   Skills:
 - Level 3.6 Fighting
 + Level 5.5 Axes
 - Level 3.2 Dodging
 - Level 1.5 Stealth


You had 2 spell levels left.
You didn't know any spells.
Your spell library was empty.

Dungeon Overview and Level Annotations

Branches:
Dungeon (3/15)

Altars:
Ashenzari
Hepliaklqana
Kikubaaqudgha
Okawaru

Annotations:
D:2 Robin
D:3 Natasha


Innate Abilities, Weirdness & Mutations

You reflexively headbutt those who attack you in melee.
You have a pair of horns on your head.


Message History

You hit the shadow imp but do no damage.
The quokka bites you but does no damage.
The shadow imp hits you but does no damage.
You completely miss the quokka.
The quokka is almost dead.
You closely miss the shadow imp. The quokka closely misses you.
The shadow imp hits you but does no damage.
Your chain mail prevents you from hitting the quokka.
The quokka is almost dead.
You hit the shadow imp but do no damage.
The quokka bites you.
* * * LOW HITPOINT WARNING * * *
The shadow imp hits you but does no damage.
The quokka bites you but does no damage.
You closely miss the shadow imp. You hit the quokka.
You kill the quokka!
The shadow imp barely misses you.
You hit the shadow imp but do no damage. x2
The shadow imp hits you.
You die...

. .. .g.
######....
#@5l......
#5#g......
#oh)...+#
#...)†.......
#..........##
#.....#....#
#.....#....#
#.....#.####
....... #


You could see Natasha, 2 shadow imps, an orc, a leopard gecko and a goblin.

Vanquished Creatures
  An adder (D:2)
  2 dart slugs (D:1)
  A leopard gecko (D:2)
  An orc (D:3)
  A giant cockroach (D:1)
  9 goblins
  4 hobgoblins
  3 kobolds
  A quokka (D:3)
  4 bats
  A frilled lizard (D:1)
  2 rats
30 creatures vanquished.

Notes
Turn   | Place    | Note
-------+----------+-------------------------------------------
     0 | D:1      | Curus the Minotaur Monk began the quest for the Orb.
     0 | D:1      | Reached XP level 1. HP: 19/19 MP: 0/0
    45 | D:1      | Reached skill level 4 in Axes
   363 | D:1      | Reached XP level 2. HP: 26/26 MP: 1/1
   947 | D:2      | Reached skill level 5 in Axes
   947 | D:2      | Reached XP level 3. HP: 26/31 MP: 2/2
  1000 | D:2      | Found an ancient bone altar of Kikubaaqudgha.
  1001 | D:2      | Found a hazy altar of Hepliaklqana.
  1009 | D:2      | Noticed Robin
  1012 | D:2      | Found a shattered altar of Ashenzari.
  1013 | D:2      | Found an iron altar of Okawaru.
  1031 | D:3      | Noticed Natasha
  1041 | D:3      | HP: 1/31 [quokka (2)]
  1043 | D:3      | Slain by a shadow imp

Illustrated notes

Levels and vault maps discovered:
D:1:      shiori_arrival_oz, layout_basic, minmay_misc_feat_pillars,
          serial_park_tiny_pond, serial_bayou_pond_d
D:2:      layout_basic, chequers_temple_overflow_statue_of_worship,
          first_ration, uniq_terence, uniq_robin, uniq_jessica
D:3:      layout_basic, lemuel_round_altar, st_stairs_6, uniq_natasha, uniq_ijyb

Skill      XL: |  1  2 |
---------------+-------+-----
Axes           | 4 5 |  5.5
Fighting       | |  3.6
Dodging        | |  3.2
Stealth        | |  1.5

Action                   || total
-------------------------++-------
Melee: Hand axe          ||    62
       Headbutt          ||     4
  Use: Scroll            ||     5
       Potion            ||     1
Armor: Robe              ||     3
       Chain mail        ||    32
Dodge: Dodged            ||    26
